 Dungeon Crawl Stone Soup version 0.25-a0-578-gc91f01c39c (webtiles) character file.

Game seed: 14513861885695090378, levelgen mode: deterministic

5920 Amnesiac the Thrower (level 10, -2/98 HPs)
             Began as a Troll Hunter on Mar 5, 2020.
             Was a High Priest of Okawaru.
             Slain by a demonic crawler (8 damage)
             ... summoned by a deep elf mage
             ... in a bailey.
             The game lasted 00:23:28 (6696 turns).

Amnesiac the Thrower (Troll Hunter)                 Turns: 6696, Time: 00:23:29

Health: -2/98      AC:  7    Str: 25    XL:     10   Next: 53%
Magic:  4/11       EV: 13    Int: 15    God:    Okawaru [*****.]
Gold:   549        SH: 10    Dex:  8    Spells: 9/9 levels left

rFire    + . .     SeeInvis .   x - +7 long sword of Crusades {flame, Int+8 Dex-2}
rCold    . . .     Gourm    +   N - +0 kite shield
rNeg     . . .     Faith    .   P - +0 robe {MR+}
rPois    .         Spirit   .   (helmet restricted)
rElec    .         Reflect  .   m - +0 cloak
rCorr    .         Harm     .   (gloves unavailable)
MR       +....                  (boots unavailable)
Stlth    ++........             (no amulet)
HPRegen  0.66/turn              n - ring of protection from cold
MPRegen  0.12/turn              G - ring of fire

@: brilliant, heroism, flying, heavily drained
A: large, unfitting armour, claws 3, fast metabolism 3, gourmand, regeneration
1, shaggy fur 1, tough skin 3
a: Heroism, Finesse, Renounce Religion


You were in a bailey.
You worshipped Okawaru.
Okawaru was extremely pleased with you.
You were full.

You visited 2 branches of the dungeon, and saw 8 of its levels.
You also visited: Bailey.

You collected 549 gold pieces.

Inventory:

Hand Weapons
 x - the +7 long sword of Crusades (weapon) {flame, Int+8 Dex-2}
   (You found it on level 5 of the Dungeon)

   It has been specially enchanted to burn those struck by it, causing extra
   injury to most foes and up to half again as much damage against particularly
   susceptible opponents.
   Big, fiery blades are also staple armaments of hydra-hunters.
   It affects your intelligence (+8).
   It affects your dexterity (-2).
 H - a +2 great sword of draining
Missiles
 a - 117 stones
 c - a large rock (quivered)
 d - 2 throwing nets
 h - 6 atropa-tipped darts
 j - 58 poisoned darts
 o - 4 javelins
 p - 19 sling bullets
 E - 6 boomerangs
Armour
 m - a +0 cloak (worn)
 N - a +0 kite shield (worn)
 P - a +0 robe of magic resistance (worn)
Jewellery
 n - a ring of protection from cold (left claw)
 G - a ring of fire (right claw)
Wands
 y - a wand of enslavement (8)
 K - a wand of disintegration (18)
 M - a wand of paralysis (6)
Scrolls
 l - 2 scrolls of remove curse {!r}
 w - 5 scrolls of teleportation {!r}
 B - a scroll of noise {!r, unknown}
 D - a scroll of magic mapping {!r, unknown}
 F - a scroll of random uselessness {!r, unknown}
 I - a scroll of vulnerability {!r, unknown}
 O - a scroll of enchant armour {!r, unknown}
Potions
 e - 3 potions of curing {!q}
 i - a potion of berserk rage {!q}
 k - a potion of cancellation {!q}
 r - 2 potions of magic {!q, unknown}
 u - 2 potions of lignification {!q, unknown}
 v - 2 potions of mutation {!q, unknown}
 A - 2 potions of flight {!q}
 C - 2 potions of brilliance {!q}
 J - a potion of ambrosia {!q}
Comestibles
 f - 19 rations


   Skills:
 - Level 5.8(9.3) Fighting
 * Level 10.5(13.9) Throwing
 - Level 5.8(9.3) Dodging
 - Level 0.3(4.1) Stealth
 * Level 4.1(7.7) Shields
 + Level 3.7(2.5) Invocations


You had 9 spell levels left.
You didn't know any spells.
Your spell library was empty.

Dungeon Overview and Level Annotations

Branches:
Dungeon (7/15)             Temple (1/1) D:5          Bailey (1/1)

Altars:
Ashenzari
Cheibriados
Dithmenos
Elyvilon
Fedhas
Gozag
Hepliaklqana
Kikubaaqudgha
Makhleb
Nemelex Xobeh
Okawaru
Qazlal
Ru
Sif Muna
Trog
Wu Jian
Xom
Yredelemnul
The Shining One

Shops:
D:4 }


Innate Abilities, Weirdness & Mutations

You are too large for most types of armour.
You have claws for hands.
Your metabolism is lightning-fast.
You like to eat raw meat.
Your natural rate of healing is unusually fast.
You are covered in fur. (AC +1)
You have extremely tough skin. (AC +3)


Message History

You block the demonic crawler's attack.
The deep elf mage gestures at you while chanting.
The bolt of negative energy hits the demonic crawler.
The demonic crawler completely resists.
The bolt of negative energy misses you. You block the demonic crawler's attack.
The demonic crawler hits you but does no damage.
The demonic crawler hits you.
* * * LOW HITPOINT WARNING * * *
You feel more confident with your borrowed prowess.
The demonic crawler misses you. The demonic crawler hits you.
* * * LOW HITPOINT WARNING * * *
The demonic crawler hits you.
* * * LOW HITPOINT WARNING * * *
The deep elf mage gestures wildly while chanting.
Really quaff
e - 8 murky yellow potions {!q}?
It was a potion of curing {!q}.
You feel better. You block the demonic crawler's attack.
The demonic crawler hits you but does no damage.
The demonic crawler hits you.
* * * LOW HITPOINT WARNING * * *
Really quaff
C - 3 potions of brilliance {!q}?
You feel clever all of a sudden. You block the demonic crawler's attack.
The demonic crawler hits you but does no damage.
The demonic crawler hits you.
* * * LOW HITPOINT WARNING * * *
The deep elf mage casts a spell.
The deep elf mage blinks!
You barely miss the demonic crawler. The demonic crawler misses you.
The demonic crawler hits you.
* * * LOW HITPOINT WARNING * * *
The demonic crawler hits you.
* * * LOW HITPOINT WARNING * * *
You block the demonic crawler's attack. The demonic crawler misses you.
The demonic crawler barely misses you.
Really quaff
e - 7 potions of curing {!q}?
You feel better.
You block the demonic crawler's attack. x2
The demonic crawler barely misses you.
Really quaff
e - 6 potions of curing {!q}?
You feel better. The demonic crawler hits you!
* * * LOW HITPOINT WARNING * * *
The demonic crawler misses you. x2; The demonic crawler barely misses you.
You block the demonic crawler's attack. The demonic crawler barely misses you.
Really quaff
e - 5 potions of curing {!q}?
You feel better.
You block the demonic crawler's attack. x2
The demonic crawler hits you!
* * * LOW HITPOINT WARNING * * *
Really quaff
e - 4 potions of curing {!q}?
You feel better. The demonic crawler hits you.
* * * LOW HITPOINT WARNING * * *
The demonic crawler hits you!
* * * LOW HITPOINT WARNING * * *
You block the demonic crawler's attack.
Okay, then.
Really quaff
A - 3 dark potions {!q}?
It was a potion of flight {!q}.
You feel very buoyant.
You fly up into the air.
You block the demonic crawler's attack. The demonic crawler hits you.
* * * LOW HITPOINT WARNING * * *
The demonic crawler hits you.
* * * LOW HITPOINT WARNING * * *
The demonic crawler hits you!
You die...

#####
##...######
#..∩))##..##
#.....#....#
.e
##...##....#
.#####@###..##
##...###sr.###
#.....#44...#
#.....#.....#
#...(.#.(...#
#....#(...##
#(#####
#..§.#....#
#....e .....#


You could see a demonic crawler, a chaos spawn and a hell rat.

Vanquished Creatures
  The ghost of Flugslaktarn the Chopper, a novice DDFi (D:6)
  The ghost of Flugslaktarn the Chopper, a novice MiFi (D:4)
  6 deep elf magi (Bailey)
  The ghost of drasked the Magician, a novice DEWz of Vehumet (D:5)
  The ghost of Killmatronix the Vandal, an amateur OpHu of Okawaru (D:5)
  An ice beast (D:6)
  An ogre (D:7)
  2 phantoms (D:4)
  A centaur (D:6)
  A big kobold (D:5)
  3 bullfrogs
  A scorpion (D:6)
  6 wights
  A howler monkey (D:4)
  2 crimson imps
  A bullfrog zombie (D:6)
  A centaur zombie (D:6)
  3 hounds
  A jelly (D:7)
  A bullfrog skeleton (D:6)
  A centaur skeleton (D:6)
  6 orc wizards
  An iguana (D:6)
  3 worker ants
  2 hound zombies
  A hound skeleton (D:6)
  Robin (D:2)
  3 worker ant zombies (D:6)
  A howler monkey skeleton (D:6)
  10 gnolls
  16 adders
  A shadow imp (D:6)
  4 adder zombies (D:6)
  An adder skeleton (D:4)
  3 worms
  3 leopard geckos
  16 orcs
  A ball python (D:6)
  3 bats
  2 giant cockroaches
  8 goblins
  13 hobgoblins
  3 jackals (D:2)
  10 kobolds
  A quokka (D:4)
  3 frilled lizards
  A giant cockroach zombie (D:5)
  A jackal zombie (D:7)
  2 leopard gecko zombies (D:6)
  A quokka skeleton (D:6)
  A quokka zombie (D:6)
  6 rats
165 creatures vanquished.

Vanquished Creatures (collateral kills)
  The ghost of Evashark the Sneak, a novice KoAs of Lugonu (D:5)
1 creature vanquished.

Grand Total: 166 creatures vanquished

Notes
Turn   | Place    | Note
-------+----------+-------------------------------------------
     0 | D:1      | Amnesiac the Troll Hunter began the quest for the Orb.
     0 | D:1      | Reached XP level 1. HP: 19/19 MP: 0/0
   104 | D:2      | Reached XP level 2. HP: 25/28 MP: 1/1
   129 | D:2      | Found a sparkling altar of Nemelex Xobeh.
   198 | D:2      | Reached skill level 4 in Throwing
   238 | D:2      | Reached XP level 3. HP: 24/35 MP: 2/2
   348 | D:2      | Found an ornate altar of the Wu Jian Council.
   421 | D:4      | Reached XP level 4. HP: 37/42 MP: 3/3
   428 | D:4      | Noticed a phantom
   432 | D:4      | Noticed a phantom
   562 | D:3      | Reached XP level 5. HP: 50/50 MP: 4/4
   682 | D:4      | Found a shadowy altar of Dithmenos.
   699 | D:4      | Reached skill level 5 in Throwing
   810 | D:4      | Found Nebic's Gadget Shoppe.
   873 | D:4      | Killed a phantom
   873 | D:4      | Reached XP level 6. HP: 59/59 MP: 5/5
  1285 | D:4      | Found a hazy altar of Hepliaklqana.
  1285 | D:4      | Found a white marble altar of Elyvilon.
  1285 | D:4      | Found a stormy altar of Qazlal.
  1286 | D:4      | Found an ancient bone altar of Kikubaaqudgha.
  1548 | D:5      | Entered Level 5 of the Dungeon
  1606 | D:5      | Got a warped long sword
  1607 | D:5      | Identified the +7 long sword of Crusades {flame, Int+8
                  | Dex-2} (You found it on level 5 of the Dungeon)
  1677 | D:5      | Found a runed translucent gate.
  1678 | D:5      | Found a runed translucent gate.
  1679 | D:5      | Found a runed translucent gate.
  1680 | D:5      | Noticed Evashark's ghost (novice KoAs)
  1680 | D:5      | Noticed Killmatronix's ghost (amateur OpHu)
  1680 | D:5      | Noticed Flugslaktarn's ghost (novice MiFi)
  1680 | D:5      | Noticed drasked's ghost (novice DEWz)
  1983 | D:2      | Noticed Robin
  1995 | D:2      | Killed Robin
  1995 | D:2      | Reached skill level 6 in Throwing
  2074 | D:2      | Reached XP level 7. HP: 67/67 MP: 6/6
  2138 | D:2      | Found a shimmering altar of Xom.
  2144 | D:2      | Found a burning altar of Makhleb.
  3267 | D:3      | Found a snail-covered altar of Cheibriados.
  3881 | D:5      | Found a staircase to the Ecumenical Temple.
  3895 | Temple   | Entered the Ecumenical Temple
  4027 | Temple   | Became a worshipper of Warmaster Okawaru
  4333 | D:5      | Paralysed by fainting for 5 turns
  4721 | D:5      | Killed Evashark's ghost
  4721 | D:5      | Reached * piety under Okawaru
  4721 | D:5      | Killed Killmatronix's ghost
  4721 | D:5      | Reached skill level 7 in Throwing
  4721 | D:5      | Reached XP level 8. HP: 52/78 MP: 7/7
  5332 | D:4      | Killed Flugslaktarn's ghost
  5332 | D:4      | Reached ** piety under Okawaru
  5332 | D:4      | Reached skill level 8 in Throwing
  5362 | D:5      | Killed drasked's ghost
  5497 | D:5      | Reached skill level 5 in Fighting
  5497 | D:5      | Reached skill level 5 in Dodging
  5538 | D:6      | Reached *** piety under Okawaru
  5587 | D:6      | Reached XP level 9. HP: 82/88 MP: 8/8
  5602 | D:6      | Found a shadowy altar of Dithmenos.
  5874 | D:6      | Reached skill level 9 in Throwing
  6051 | D:6      | Found a runed translucent door.
  6054 | D:6      | Noticed Flugslaktarn's ghost (novice DDFi)
  6188 | D:6      | Killed Flugslaktarn's ghost
  6188 | D:6      | Reached skill level 1 in Invocations
  6258 | D:7      | Reached **** piety under Okawaru
  6482 | D:7      | Reached skill level 1 in Shields
  6493 | D:7      | Found a flagged portal.
  6531 | Bailey   | Entered a bailey
  6548 | Bailey   | Noticed a deep elf mage
  6555 | Bailey   | Noticed a deep elf mage
  6561 | Bailey   | Killed a deep elf mage
  6561 | Bailey   | Reached XP level 10. HP: 83/98 MP: 8/10
  6564 | Bailey   | Killed a deep elf mage
  6564 | Bailey   | Received a gift from Okawaru
  6564 | Bailey   | Reached skill level 10 in Throwing
  6634 | Bailey   | Noticed a deep elf mage
  6634 | Bailey   | Noticed a deep elf mage
  6635 | Bailey   | Noticed a deep elf mage
  6640 | Bailey   | Killed a deep elf mage
  6650 | Bailey   | Noticed a deep elf mage
  6654 | Bailey   | Killed a deep elf mage
  6654 | Bailey   | Reached ***** piety under Okawaru
  6658 | Bailey   | Killed a deep elf mage
  6659 | Bailey   | Killed a deep elf mage
  6660 | Bailey   | Noticed a deep elf mage
  6696 | Bailey   | Slain by a demonic crawler

Levels and vault maps discovered:
D:1:      evilmike_arrival_crescent, layout_basic
D:2:      layout_basic, grunt_temple_overflow_open, overflow_temple_1_default,
          overflow_temple_1_default, uniq_robin
D:3:      layout_loops_ring, overflow_temple_1_default, minivault_4
D:4:      layout_loops_ring, chequers_temple_overflow_statue_of_worship,
          serial_shops, shop, first_ration, nicolae_dithmenos_shadow_blocks
D:5:      cheibrodos_thug_alley, layout_layer_cave,
          minmay_temple_entry_stoned_glass, gammafunk_ghost_cemetery
D:6:      layout_rooms, lemuel_round_altar, serial_undead, serial_undead_c,
          serial_undead_c, serial_undead_f, serial_undead_c, serial_undead_c,
          serial_undead_a, serial_undead_c, serial_undead_e,
          hellmonk_ghost_happy_afterlife
D:7:      layout_cave_pools, enter_bailey_2, serial_glass, glass_columns_a,
          glass_columns_a, feat_on_display
Temple:   nicolae_temple_figure_zero
Bailey:   bailey_polearm_3, bailey

Skill      XL: |  1  2  3  4  5  6  7  8  9 10 |
---------------+-------------------------------+-----
Throwing       | 4 5 6 7 8 9 10 | 10.5
Fighting       | 2 3 4 5 |  5.8
Dodging        | 2 3 4 5 |  5.8
Invocations    | 2 3 |  3.7
Shields        | 2 4 |  4.1
Stealth        | |  0.3

Action                   |  1- 3 |  4- 6 |  7- 9 | 10-12 || total
-------------------------+-------+-------+-------+-------++-------
Melee: Unarmed           |    85 |    33 |       |       ||   118
       Short sword       |     3 |       |       |       ||     3
       Flail             |       |    91 |       |       ||    91
       Long sword        |       |    32 |   228 |    27 ||   287
       Quarterstaff      |       |    12 |       |       ||    12
       Great sword       |       |       |     7 |       ||     7
       Punch             |       |       |     1 |       ||     1
Throw: Stone             |     5 |    93 |    25 |       ||   123
       Large rock        |       |       |    26 |     7 ||    33
       Dart              |       |       |     7 |     7 ||    14
Invok: Heroism           |       |       |     5 |     4 ||     9
       Finesse           |       |       |       |     1 ||     1
Evoke: Wand              |       |       |     5 |       ||     5
  Use: Scroll            |       |     1 |    10 |       ||    11
       Potion            |       |       |       |     8 ||     8
 Stab: Sleeping          |     1 |       |     1 |       ||     2
  Eat: Chunk             |     9 |    16 |    29 |     2 ||    56
       Ration            |       |       |     3 |       ||     3
Armor: Robe              |    36 |    87 |   118 |    10 ||   251
Dodge: Dodged            |    50 |   111 |   157 |    19 ||   337
Block: Kite shield       |       |       |    19 |    21 ||    40
       Rpst.: Long sword |       |    18 |    45 |     2 ||    65
       Great sword       |       |       |     1 |       ||     1

Table legend:
 A = Non-vault XP
 B = Vault XP
 C = Vault XP percentage of total XP
 D = Non-vault monster count
 E = Vault monster count
 F = Vault count percentage of total count
                 A         B        C        D         E       F
            +---------+---------+-------+---------+---------+-------
      Total |    2601 |    5857 |  69.2 |     121 |      45 |  27.1
            +---------+---------+-------+---------+---------+-------
        D:1 |      10 |       0 |   0.0 |       7 |       0 |   0.0
        D:2 |     127 |      36 |  22.1 |      22 |      11 |  33.3
        D:3 |      76 |       0 |   0.0 |      15 |       0 |   0.0
        D:4 |     430 |     643 |  59.9 |      14 |       1 |   6.7
        D:5 |     387 |     848 |  68.7 |      18 |      13 |  41.9
        D:6 |     880 |     879 |  50.0 |      28 |      14 |  33.3
        D:7 |     691 |       0 |   0.0 |      17 |       0 |   0.0
     Bailey |       0 |    3451 | 100.0 |       0 |       6 | 100.0
            +---------+---------+-------+---------+---------+-------
